 Dungeon Crawl Stone Soup version 0.31-a0-202-g547052bce9 (webtiles) character file.

Game seed: 6353814072750371691

18 qw the Shooter (level 2, -1/16 HPs)
             Began as a Deep Elf Hunter on June 26, 2023.
             Succumbed to their own poison gas
             ... on level 1 of the Dungeon.
             The game lasted 00:00:09 (514 turns).

qw the Shooter (Deep Elf Hunter)                     Turns: 514, Time: 00:00:10

Health: -1/16      AC:  3    Str:  8    XL:     2   Next: 48%
Magic:  4/4        EV: 12    Int: 13    God:
Gold:   39         SH:  0    Dex: 18    Spells: 1/1 levels left

rFire   . . .        Y - +1 shortbow
rCold   . . .        (shield currently unavailable)
rNeg    . . .        c - +0 leather armour
rPois   .            (no helmet)
rElec   .            (no cloak)
rCorr   .            (no gloves)
SInv    .            (no boots)
Will    .....        (no amulet)
Stlth   ++           (no ring)
HPRegen 0.22/turn    (no ring)
MPRegen 0.09/turn

%: no passive effects
@: lethally poisoned (-1 -> -12)
A: no striking features
a: no special abilities


You were on level 1 of the Dungeon.
You visited 1 branch of the dungeon, and saw 1 of its levels.

You collected 39 gold pieces.


   Skills:
 - Level 1.5 Fighting
 + Level 6.3 Ranged Weapons
 - Level 2.4 Dodging
 - Level 1.2 Stealth


You had one spell level left.
You didn't know any spells.
Your spell library was empty.

Inventory:

Hand Weapons
 Y - a +1 shortbow (weapon)
Armour
 c - a +0 leather armour (worn)
Potions
 e - a potion of brilliance {unknown}
 f - a potion of magic {unknown}
 g - a potion of degeneration {unknown}

Dungeon Overview and Level Annotations

Branches:
Dungeon (1/15)

Altars:

Shops:
D:1 !


Message History

508 ||| READING scroll labelled VEUVAI ODISHREH.
As you read the scroll labelled VEUVAI ODISHREH, it crumbles to dust.
You hear a loud clanging noise!
It was a scroll of noise.
Done exploring.
509 ||| READING scroll labelled ECYOVO BYARIAC.
As you read the scroll labelled ECYOVO BYARIAC, it crumbles to dust.
It is a scroll of enchant weapon.
Your +0 shortbow glows red for a moment.
Done exploring.
510 ||| READING scroll labelled YSTYZAOTIA.
The air fills with toxic fumes!
As you read the scroll labelled YSTYZAOTIA, it crumbles to dust.
It was a scroll of poison.
Done exploring.
511 ||| DROPPING scroll of butterflies.
You drop a scroll of butterflies.
Done exploring.
(D) Dungeon
Where to? (* - list waypoints, ? - help)
What level of the Dungeon? (default 1, ? - help) Sorry, I don't know how to get there.
Enter note:
Enter note:
Enter note:
Enter note:
Enter note:
Enter note:
Enter note:
Enter note:
Enter note: Really walk into that cloud of poison gas?
You are engulfed in poison gas.
You are lethally poisoned!
You feel very sick.
You see here a rat corpse.
513 ||| Stepping ~*~*~tactically~*~*~ (cloud).
You feel very sick.
You see here a scroll of butterflies.
There is a lethal amount of poison in your body!
You die...

#.##.##.......#
..#..##.......#
###.###.......#
....# #.......#
##..# ###.#####
##.######....# ...#
#.......###### ..##
#.##....#¤¤¤¤# >##
#.......#¤¤@¤# ##
#####.#.¤¤¤¤¤¤#
#####.....#¤##¤¤¤¤#
.%..##....#.#¤¤¤¤¤#
###.#.......#¤¤####
#.#..#....¤¤##
#....########
###.....# #####.#


There were no monsters in sight!

Vanquished Creatures
  A dart slug (D:1)
  An endoplasm (D:1)
  4 goblins (D:1)
  A hobgoblin (D:1)
  2 jackals (D:1)
  A kobold (D:1)
  A frilled lizard (D:1)
  3 rats (D:1)
14 creatures vanquished.

Notes
Turn   | Place    | Note
-------+----------+-------------------------------------------
     0 | D:1      | qw the Deep Elf Hunter began the quest for the Orb.
     0 | D:1      | Reached XP level 1. HP: 12/12 MP: 3/3
     0 | D:1      | 0 ||| qw: Version: 0.3-a-22-g0ed2b0b
     0 | D:1      | 0 ||| qw: Game counter: 6124
     0 | D:1      | 0 ||| qw: Melee chars always use a shield: true
     0 | D:1      | 0 ||| qw: God list: Okawaru
     0 | D:1      | 0 ||| qw: Allow faded altars: false
     0 | D:1      | 0 ||| qw: Do Orc after clearing Dungeon:15 true
     0 | D:1      | 0 ||| qw: Do second Lair branch before Depths: true
     0 | D:1      | 0 ||| qw: Lair rune preference: random
     0 | D:1      | 0 ||| qw: Goals: Normal
     0 | D:1      | 0 ||| PLANNING D:1-11
    97 | D:1      | Reached skill level 6 in Ranged Weapons
    97 | D:1      | Reached XP level 2. HP: 16/16 MP: 4/4
   121 | D:1      | Found Lavi's Distillery.
   127 | D:1      | 127 ||| SHOPLISTING 2 potions of haste (280 gold, have 12).
   127 | D:1      | 127 ||| SHOPLISTING 2 potions of might (112 gold, have 12).
   127 | D:1      | 127 ||| SHOPLISTING 2 potions of mutation (224 gold, have
                  | 12).
   127 | D:1      | 127 ||| SHOPLISTING potion of cancellation (112 gold, have
                  | 12).
   127 | D:1      | 127 ||| SHOPLISTING potion of curing (42 gold, have 12).
   127 | D:1      | 127 ||| SHOPLISTING potion of haste (140 gold, have 12).
   507 | D:1      | 507 ||| READING scroll labelled HOIBESHRUHUP.
   508 | D:1      | 508 ||| READING scroll labelled VEUVAI ODISHREH.
   509 | D:1      | 509 ||| READING scroll labelled ECYOVO BYARIAC.
   510 | D:1      | 510 ||| READING scroll labelled YSTYZAOTIA.
   511 | D:1      | 511 ||| DROPPING scroll of butterflies.
   513 | D:1      | 513 ||| Stepping ~*~*~tactically~*~*~ (cloud).
   513 | D:1      | HP: 2/16 [poisoned by you (poison gas)]
   514 | D:1      | Succumbed to their own poison gas

Levels and vault maps discovered:
D:1:      lightli_arrival_lavapool, layout_basic, serial_shops,
          nicolae_shop_tiny_waterfront

Skill      XL: |  1 |
---------------+----+-----
Ranged Weapons | 6 |  6.3
Fighting       | |  1.5
Dodging        | |  2.4
Stealth        | |  1.2

Action                     || total
---------------------------++-------
   Fire: Shortbow          ||    23
    Use: Scroll            ||     4

Table legend:
 A = Non-vault XP
 B = Vault XP
 C = Vault XP percentage of total XP
 D = Non-vault monster count
 E = Vault monster count
 F = Vault count percentage of total count
                 A         B        C        D         E       F
            +---------+---------+-------+---------+---------+-------
      Total |      26 |       0 |   0.0 |      14 |       0 |   0.0
            +---------+---------+-------+---------+---------+-------
        D:1 |      26 |       0 |   0.0 |      14 |       0 |   0.0
            +---------+---------+-------+---------+---------+-------
